 Dungeon Crawl Stone Soup version 0.32-a0-876-gcfddb08e57 (webtiles) character file.

Game seed: 6835723835557388799

149996 jasper the Warrior (level 16, -7/165 HPs)
             Began as a Minotaur Berserker on Mar 31, 2024.
             Was a High Priest of Trog.
             Mangled by a spriggan rider
             ... wielding a +2 spear of distortion
              (16 damage)
             ... on level 4 of the Swamp.
             The game lasted 00:39:16 (23606 turns).

jasper the Warrior (Minotaur Berserker)            Turns: 23606, Time: 00:39:16

Health: -7/165     AC: 30    Str: 32    XL:     16   Next: 97%
Magic:  15/15      EV:  8    Int:  6    God:    Trog [*****.]
Gold:   2599       SH: 20    Dex: 11    Spells: 15/15 levels left

rFire   . . .        L - +0 broad axe (elec)
rCold   + + .        l - +0 tower shield
rNeg    . . .        d - +2 plate armour {rPois}
rPois   +            G - +2 hat
rElec   .            x - +2 cloak
rCorr   .            k - +0 pair of gloves
SInv    +            z - +2 pair of boots
Will    +....        p - amulet "Zapar" {Regen+ Int+2 SInv Stlth+} Stlth
                     Y - ring of protection from cold
HPRegen 1.27/turn    j - ring of Izalluigi {+Blink rC+ Str+3}
MPRegen 0.14/turn

%: no passive effects
@: slowed, studying Ice Magic, very slow
A: horns 2, retaliatory headbutt
a: Renounce Religion, Evoke Blink, Berserk, Trog's Hand, Brothers in Arms


You were on level 4 of the Swamp.
You worshipped Trog.
Trog was extremely pleased with you.
You visited 4 branches of the dungeon, and saw 26 of its levels.
You also visited: Bailey and Ice Cave.

You collected 4165 gold pieces.
You spent 1566 gold pieces at shops.

Inventory:

Hand Weapons
 A - a +1 broad axe
 L - a +0 broad axe of electrocution (weapon)
 Q - the +3 war axe of Hikhlunije {flame, rElec Will+ rCorr Dex+3}
   (Trog gifted it to you on level 11 of the Dungeon)

   Dex+3:     It affects your dexterity (+3).
   rElec:     It insulates you from electricity.
   Will+:     It increases your willpower.
   rCorr:     It protects you from acid and corrosion.
Missiles
 r - 12 throwing nets
 D - 3 curare-tipped darts
 J - 48 boomerangs
 T - 11 silver javelins (quivered)
 U - 29 javelins
Armour
 d - a +2 plate armour of poison resistance (worn)
 k - a +0 pair of gloves (worn)
 l - a +0 tower shield (worn)
 t - quicksilver dragon scales
 x - a +2 cloak (worn)
 z - a +2 pair of boots (worn)
 G - a +2 hat (worn)
 I - a +0 cloak of willpower
Jewellery
 b - a ring of protection from fire
 j - the ring of Izalluigi (right hand) {+Blink rC+ Str+3}
   (You found it in an ice cave)

   [ring of protection from cold]

   Str+3:     It affects your strength (+3).
   rC+:       It protects you from cold.
   +Blink:    It lets you blink.
 o - a ring of positive energy
 p - the amulet "Zapar" (around neck) {Regen+ Int+2 SInv Stlth+}
   (You found it in an ice cave)

   [amulet of regeneration]

   Int+2:     It affects your intelligence (+2).
   SInv:      It lets you see invisible.
   Regen+:    It increases your rate of health regeneration.
   Stlth+:    It makes you more stealthy.
 q - a ring of protection from cold
 Y - a ring of protection from cold (left hand)
Wands
 i - a wand of digging (15)
 y - a wand of flame (29)
 E - a wand of paralysis (3)
 K - a wand of warping (4)
 O - a wand of mindburst (15)
 X - a wand of polymorph (3)
Scrolls
 g - 8 scrolls of identify
 m - 2 scrolls of revelation
 n - 8 scrolls of immolation
 w - 12 scrolls of teleportation
 B - a scroll of fog
 H - a scroll of enchant weapon
 N - a scroll of enchant armour
 P - 2 scrolls of torment
 S - a scroll of silence
 V - 2 scrolls of fear
 W - 2 scrolls of blinking
 Z - a scroll of noise
Potions
 a - 6 potions of haste
 c - 7 potions of mutation
 e - 12 potions of might
 f - 3 potions of resistance
 h - a potion of attraction
 s - 12 potions of heal wounds
 u - 12 potions of ambrosia
 v - 6 potions of enlightenment
 C - 3 potions of lignification
 F - 4 potions of cancellation
 M - 9 potions of curing
 R - 6 potions of invisibility


   Skills:
 * Level 20.3 Fighting
 - Level 18.0 Axes
 + Level 16.1 Armour
 - Level 2.1 Dodging
 + Level 19.7 Shields


You had 15 spell levels left.
You didn't know any spells.
Your spell library was empty.

Dungeon Overview and Level Annotations

Branches:
Dungeon (15/15)            Temple (0/1) D:7            Lair (5/5) D:11
  Swamp (4/4) Lair:2       Spider (0/4) Lair:3          Orc (2/2) D:12
    Elf (0/3) Orc:2        Vaults (0/5) D:13         Depths (0/4) D:15
 Bailey (visited)           IceCv (visited)
  Slime: Lair:4-5

Altars:
Dithmenos
Elyvilon
Nemelex Xobeh
Okawaru
Qazlal
Trog
Vehumet
Xom
Zin
The Shining One

Shops:
D:2 [   D:4 [   D:5 [([?   D:14 *!   Orc:2 =[:!*

Portals:
Pandemonium: Orc:2

Annotations:
Lair:4 exclusion: 2 oklob plants
Swamp:1 Roxanne


Innate Abilities, Weirdness & Mutations

You have a pair of horns on your head.
You reflexively headbutt those who attack you in melee.


Message History

You block the alligator's attack.
The spriggan rider hits you with a +2 spear of distortion!
Space warps around you.
A swamp worm comes into view.
The alligator tail-slaps you but does no damage.
The alligator bites you!
You take 29 damage, and have 53/165 hp.
You slash the spriggan rider!
Your headbutt misses the spriggan rider.
The spriggan rider is heavily wounded.
You barely miss the swamp dragon. You slash the alligator!
You feel sick.
You are no longer poisoned.
You block the spriggan rider's attack. You block the alligator's attack. x2
The goliath frog hits you from afar.
* * * LOW HITPOINT WARNING * * *
You are splashed with acid!
* * * LOW HITPOINT WARNING * * *
You block the swamp dragon's attack.
The swamp dragon claws you but does no damage.
The swamp dragon tramples you but does no damage.
You take 12 damage, and have 41/165 hp.
As you read the scroll of fog, it dissolves into smoke.
You block the swamp worm's attack. You block the alligator's attack.
The alligator bites you but does no damage.
You block the goliath frog's attack.
The spriggan rider hits you with a +2 spear of distortion!!
* * * LOW HITPOINT WARNING * * *
Space warps around you.
* * * LOW HITPOINT WARNING * * *
You block the swamp dragon's attack. The swamp dragon barely misses you.
The swamp dragon tramples you but does no damage.
The goliath frog barely misses you. The alligator barely misses you.
You furiously retaliate!
You headbutt the alligator!
The alligator bites you but does no damage.
The swamp worm bites you.
* * * LOW HITPOINT WARNING * * *
The spriggan rider hits you with a +2 spear of distortion!
* * * LOW HITPOINT WARNING * * *
Space warps horribly around you!
You die...

~~~~~..§~..♣
~~§~~~§~~~♣
♣~~§~~~~~♣
♣♣♣~~~~♣~.♣
♣♣♣.~.~~~..♣
.♣♣~~~..~§~.~♣
~..~~§§~§§~~.♣♣
...~~§§§w~~~:.♣♣
..§..FD@l§~§~..♣
~~~~.~§i♣♣~~~.♣~~.
~~~§~~§§♣♣.~/♣♣
~~w~~~~~♣♣<~..♣
~§~~~~.♣♣♣~~~~$~♣
~~~~~~. ♣♣§~~...~♣
~~~.~~~ ♣<~~.<~.♣
~§~.~~. ♣....~.♣♣
♣♣..~..♣


You could see a swamp dragon, an alligator, a spriggan rider, a goliath frog and
2 swamp worms.

Vanquished Creatures
  Kirke (Swamp:1)
  Donald (Orc:2)
  An azure jelly (IceCv)
  A fenstrider witch (Swamp:1)
  An orc warlord (Orc:2)
  A stone giant (D:15)
  A quicksilver ooze (IceCv)
  2 eleionomae
  9 bunyips
  2 shambling mangroves
  7 vault guards (D:13)
  Fannar (Lair:2)
  5 alligators
  A spriggan air mage (Swamp:2)
  3 demonspawn (Orc:2)
  2 boulder beetles
  8 hydras
  An ogre mage (Orc:2)
  A death knight (D:13)
  A merfolk avatar (Lair:5)
  A catoblepas (Lair:1)
  A ghost crab (Swamp:1)
  7 centaur warriors
  8 death yaks
  7 two-headed ogres
  4 tengu warriors
  A deep troll earth mage (D:15)
  10 orc high priests
  2 skysharks (Lair:5)
  9 spriggan druids
  3 goliath frogs (Swamp:2)
  2 swamp dragons
  2 bog bodies
  2 orc sorcerers (Orc:2)
  2 phantasmal warriors (D:13)
  8 cyclopes
  6 orc knights
  6 ugly things
  The ghost of jestert79 the Skirmisher, a novice CoHu of Uskayaw (D:5)
  4 manticores
  3 meliai (D:14)
  A will-o-the-wisp (Swamp:3)
  8 elephants
  Joseph (D:7)
  2 ice statues (IceCv)
  3 kobold blastminers
  2 black mambas
  2 gargoyles
  A torpor snail (Lair:5)
  A smoke demon (Orc:2)
  Jeremiah (D:7)
  11 cane toads
  3 kobold demonologists
  A rime drake (Lair:5)
  9 komodo dragons
  A freezing wraith (D:13)
  A yaktaur (D:15)
  Psyche (D:8)
  3 tengu conjurers
  A queen bee (D:10)
  A red devil (Orc:2)
  A troll (shapeshifter) (D:14)
  Grinder (D:6)
  A bloated husk (Swamp:2)
  6 tyrant leeches
  7 trolls
  4 polar bears
  11 hornets
  14 blink frogs
  A snapping turtle (Lair:5)
  A wind drake (Lair:5)
  3 shadows
  A centaur simulacrum (D:15)
  8 slime creatures (IceCv)
  11 spriggans
  3 wraiths
  40 yaks
  A vampire (D:9)
  A hog (Swamp:1)
  2 wyverns
  6 basilisks
  3 wargs (Orc:2)
  Grum (D:8)
  5 vampire mosquitoes (Swamp:1)
  2 redbacks (Lair:3)
  3 steam dragons
  2 chaos spawn (Orc:2)
  Edmund (D:6)
  8 swamp worms
  A naga (shapeshifter) (D:14)
  3 great orb of eyes simulacra (IceCv)
  4 acid dragons
  15 water moccasins
  7 swamp drakes
  43 orc warriors
  A black bear (D:7)
  11 ogres
  A laughing skull (D:15)
  5 boggarts (D:15)
  18 centaurs
  19 wolves
  A phantom (D:5)
  3 slime creature simulacra (IceCv)
  8 kobold brigands
  14 bullfrogs
  3 scorpions
  2 glowing shapeshifter simulacra (IceCv)
  5 wights
  33 killer bees
  4 howler monkeys
  A hound (D:6)
  5 jellies
  2 bombardier beetles
  3 gnoll boudas
  27 orc priests
  3 sleepcaps (D:7)
  Jessica (D:2)
  2 iguanas (D:6)
  21 orc wizards
  2 shapeshifter simulacra (IceCv)
  Robin (D:2)
  5 adders
  24 gnolls
  3 shadow imps
  2 white imps
  3 ribbon worms
  2 dart slugs
  121 orcs
  5 ball pythons
  4 bats
  7 endoplasms
  5 giant cockroaches
  15 goblins
  5 hobgoblins
  17 kobolds
  3 quokkas
  3 frilled lizards
  6 rats
840 creatures vanquished.

Vanquished Creatures (collateral kills)
  Rupert (Lair:3)
  A hydra (Lair:3)
  A water moccasin (Lair:3)
  A bullfrog (Lair:3)
4 creatures vanquished.

Vanquished Creatures (others)
  A hydra (Swamp:1)
  A bloated husk (Swamp:1)
  2 hogs (Swamp:1)
  A swamp worm (Swamp:2)
  An orc (D:8)
  A kobold (D:7)
  4 foxfires (Swamp:3)
11 creatures vanquished.

Grand Total: 855 creatures vanquished

Notes
Turn   | Place    | Note
-------+----------+-------------------------------------------
     0 | D:1      | jasper the Minotaur Berserker began the quest for the Orb.
     0 | D:1      | Reached XP level 1. HP: 19/19 MP: 0/0
   104 | D:1      | Found a faded altar of an unknown god.
   145 | D:1      | Reached XP level 2. HP: 24/26 MP: 1/1
   428 | D:1      | Reached skill level 5 in Axes
   926 | D:2      | Reached XP level 3. HP: 30/31 MP: 2/2
   986 | D:2      | Noticed Robin
   995 | D:2      | Killed Robin
  1001 | D:2      | Reached ** piety under Trog
  1267 | D:2      | Noticed Jessica
  1271 | D:2      | Killed Jessica
  1272 | D:2      | Reached XP level 4. HP: 39/39 MP: 3/3
  1277 | D:2      | Found Tevvadea's Armour Boutique.
  1877 | D:2      | Bought a +0 pair of gloves for 58 gold pieces
  2145 | D:3      | Found a bloodstained altar of Trog.
  2449 | D:3      | Found a white marble altar of Elyvilon.
  2556 | D:3      | Reached XP level 5. HP: 21/45 MP: 4/4
  2889 | D:4      | Noticed an ogre
  2895 | D:4      | Killed an ogre
  2971 | D:4      | Found Laebron's Armour Shop.
  3207 | D:4      | Reached XP level 6. HP: 51/51 MP: 5/5
  3631 | D:5      | Entered Level 5 of the Dungeon
  3718 | D:5      | Found Zuawanor's Magic Scroll Emporium.
  3798 | D:5      | Reached *** piety under Trog
  3879 | D:5      | Found a runed translucent door.
  3890 | D:5      | Found Gegum's Weapon Emporium.
  3909 | D:5      | Noticed jestert79's ghost (novice CoHu)
  3916 | D:5      | Found Nouqoac's Armour Shop.
  3972 | D:5      | Reached XP level 7. HP: 57/57 MP: 6/6
  4228 | D:5      | Found Geont's Antique Armour Shop.
  4233 | D:5      | Bought a glowing cloak for 157 gold pieces
  4455 | D:5      | Killed jestert79's ghost
  4519 | D:5      | Bought 2 scrolls of teleportation for 72 gold pieces
  4519 | D:5      | Bought a scroll of teleportation for 36 gold pieces
  4519 | D:5      | Bought a scroll of immolation for 48 gold pieces
  4549 | D:6      | Found a shimmering altar of Xom.
  4572 | D:6      | Reached XP level 8. HP: 64/64 MP: 7/7
  4941 | D:6      | Noticed Grinder
  4948 | D:6      | Noticed Edmund
  4975 | D:6      | Killed Edmund
  5044 | D:6      | Paralysed by Grinder for 2 turns
  5057 | D:6      | Killed Grinder
  5257 | D:6      | Reached skill level 1 in Shields
  5267 | D:6      | Reached skill level 4 in Fighting
  5267 | D:6      | Reached XP level 9. HP: 64/71 MP: 8/8
  5484 | D:7      | Noticed Joseph
  5508 | D:7      | Killed Joseph
  5509 | D:7      | Reached skill level 5 in Fighting
  5760 | D:7      | Found a staircase to the Ecumenical Temple.
  5767 | D:7      | Reached skill level 5 in Armour
  5998 | D:7      | Noticed Jeremiah
  5999 | D:7      | Found a radiant altar of Vehumet.
  6007 | D:7      | Reached **** piety under Trog
  6010 | D:7      | Reached skill level 6 in Fighting
  6010 | D:7      | Found a glowing silver altar of Zin.
  6010 | D:7      | Found a glowing golden altar of the Shining One.
  6035 | D:7      | Killed Jeremiah
  6036 | D:7      | Reached skill level 5 in Shields
  6154 | D:7      | Found a stormy altar of Qazlal.
  6251 | D:7      | Found a shadowy altar of Dithmenos.
  6272 | D:7      | Reached skill level 7 in Fighting
  6409 | D:8      | Noticed Psyche
  6431 | D:8      | Killed Psyche
  6432 | D:8      | Reached XP level 10. HP: 85/86 MP: 9/9
  6789 | D:8      | Noticed Grum
  6808 | D:8      | Killed Grum
  6809 | D:8      | Reached skill level 8 in Fighting
  6814 | D:8      | Found a flagged portal.
  6826 | Bailey   | Entered a bailey
  7298 | Bailey   | Noticed an orc knight
  7316 | Bailey   | Killed an orc knight
  7407 | Bailey   | Reached skill level 10 in Fighting
  7407 | Bailey   | Reached skill level 10 in Armour
  7407 | Bailey   | Reached XP level 11. HP: 99/99 MP: 10/10
  7408 | Bailey   | Reached XP level 12. HP: 106/106 MP: 11/11
  7798 | D:8      | Found a sparkling altar of Nemelex Xobeh.
  8232 | D:9      | Found a runed translucent door.
  8729 | D:10     | Entered Level 10 of the Dungeon
  8797 | D:10     | Reached skill level 15 in Shields
  8800 | D:10     | Reached ***** piety under Trog
  9266 | D:10     | Noticed a two-headed ogre
  9297 | D:10     | Killed a two-headed ogre
  9447 | D:10     | Identified the +1 whip "Sitay" {flame, Int+3}
  9476 | D:10     | Reached skill level 15 in Axes
  9637 | D:10     | Noticed a two-headed ogre
  9644 | D:10     | Killed a two-headed ogre
  9645 | D:10     | Reached XP level 13. HP: 101/114 MP: 12/12
 10001 | D:11     | Found a staircase to the Lair.
 10008 | D:11     | Identified the +3 war axe of Hikhlunije {flame, rElec Will+
                  | rCorr Dex+3} (Trog gifted it to you on level 11 of the
                  | Dungeon)
 10008 | D:11     | Received a gift from Trog
 10844 | Lair:1   | Entered Level 1 of the Lair of Beasts
 12024 | Lair:2   | Noticed Fannar
 12041 | Lair:2   | Killed Fannar
 12289 | Lair:2   | Found a staircase to the Swamp.
 12295 | Lair:2   | Reached skill level 11 in Fighting
 12678 | Lair:3   | Noticed Rupert
 12683 | Lair:3   | Killed Rupert
 12965 | Lair:3   | Reached skill level 12 in Fighting
 12986 | Lair:3   | Found a hole to the Spider Nest.
 13029 | Lair:3   | Received a gift from Trog
 13106 | Lair:3   | Reached XP level 14. HP: 123/127 MP: 13/13
 13906 | Lair:4   | Reached skill level 13 in Fighting
 14710 | Lair:5   | Entered Level 5 of the Lair of Beasts
 14884 | Lair:5   | Found the +8 trident of the Octopus King {venom, rElec
                  | rPois}
 14911 | Lair:5   | Reached skill level 14 in Fighting
 14983 | Lair:5   | Identified a scroll of acquirement
 14984 | Lair:5   | Acquired 1128 gold pieces
 15988 | D:12     | Found a staircase to the Orcish Mines.
 16002 | D:12     | Received a gift from Trog
 16279 | D:12     | Reached skill level 15 in Fighting
 16598 | Orc:1    | Entered Level 1 of the Orcish Mines
 16600 | Orc:1    | Found a frozen archway.
 16608 | IceCv    | Entered an ice cave
 16758 | IceCv    | Found a viscous altar of Jiyva.
 16758 | IceCv    | Noticed an azure jelly
 16771 | IceCv    | Killed an azure jelly
 16788 | IceCv    | Noticed a quicksilver ooze
 16806 | IceCv    | Killed a quicksilver ooze
 16923 | IceCv    | Got the ring of Izalluigi {+Blink rC+ Str+3}
 16928 | IceCv    | Identified the amulet "Zapar" {Regen+ Int+2 SInv Stlth+}
 17103 | IceCv    | Reached ****** piety under Trog
 17279 | Orc:1    | Reached XP level 15. HP: 116/141 MP: 14/14
 17286 | Orc:1    | Received a gift from Trog
 17505 | Orc:2    | Entered Level 2 of the Orcish Mines
 17505 | Orc:2    | Found Yneemmuf's Jewellery Boutique.
 17521 | Orc:2    | Noticed Donald
 17542 | Orc:2    | Killed Donald
 17675 | Orc:2    | Found a bloodstained altar of Trog.
 17784 | Orc:2    | Found a staircase to the Elven Halls.
 17895 | Orc:2    | Found Seacs's Distillery.
 17898 | Orc:2    | Found Noixt's General Store.
 17910 | Orc:2    | Reached skill level 16 in Fighting
 17942 | Orc:2    | Bought a potion of resistance for 160 gold pieces
 17942 | Orc:2    | Bought a potion of enlightenment for 80 gold pieces
 17942 | Orc:2    | Bought a potion of might for 64 gold pieces
 17961 | Orc:2    | Bought a potion of lignification for 45 gold pieces
 17961 | Orc:2    | Bought a scroll of revelation for 112 gold pieces
 18323 | Orc:2    | Received a gift from Trog
 18487 | Orc:2    | Reached skill level 17 in Fighting
 18497 | Orc:2    | Found Kallunot's Antique Armour Emporium.
 18497 | Orc:2    | Found Juqoitos's Book Shoppe.
 18498 | Orc:2    | Found a one-way gate leading to the halls of Pandemonium.
 19246 | D:13     | Found a gate to the Vaults.
 19310 | D:13     | You fall into a shaft and drop 2 floors!
 19310 | D:15     | Entered Level 15 of the Dungeon
 19480 | D:15     | Found a staircase to the Depths.
 19669 | D:15     | Reached skill level 18 in Fighting
 19808 | D:15     | Received a gift from Trog
 19990 | D:15     | Reached XP level 16. HP: 157/157 MP: 15/15
 20170 | D:14     | Found Boaxzeh's Distillery.
 20176 | D:14     | Bought a potion of invisibility for 120 gold pieces
 20176 | D:14     | Bought a potion of curing for 45 gold pieces
 20176 | D:14     | Bought a potion of heal wounds for 75 gold pieces
 20176 | D:14     | Bought a potion of haste for 150 gold pieces
 20176 | D:14     | Bought a potion of heal wounds for 75 gold pieces
 20520 | D:14     | Found an iron altar of Okawaru.
 20637 | D:14     | Reached skill level 15 in Armour
 20734 | D:14     | Found Omnoruh's General Store.
 20737 | D:14     | Bought a scroll of blinking for 112 gold pieces
 20737 | D:14     | Bought a scroll of enchant armour for 112 gold pieces
 20737 | D:14     | Bought a scroll of teleportation for 45 gold pieces
 20810 | D:14     | Identified the +5 hand axe of Ybuzoff {protect, rF- rC+
                  | Str+5}
 20879 | D:14     | Identified the +2 hand axe of Lupay {heavy, rElec Str+2
                  | Stlth+}
 21293 | Swamp:1  | Entered Level 1 of the Swamp
 21465 | Swamp:1  | Reached skill level 19 in Fighting
 21513 | Swamp:1  | Paralysed by a fenstrider witch for 5 turns
 21770 | Swamp:1  | Noticed Roxanne
 21780 | Swamp:1  | Noticed Kirke
 21788 | Swamp:1  | Noticed a sphinx
 21792 | Swamp:1  | Killed Kirke
 22360 | Swamp:2  | Received a gift from Trog
 22467 | Swamp:2  | Identified the +2 leather armour "Foti Zop" {Harm rF+}
 22555 | Swamp:2  | Identified the ring "Radghasti" {rF- rN+ Will+ MP+9}
 22895 | Swamp:3  | Reached skill level 20 in Fighting
 23390 | Swamp:4  | Entered Level 4 of the Swamp
 23606 | Swamp:4  | Mangled by a spriggan rider

Illustrated notes

Levels and vault maps discovered:
D:1:      saegor_arrival_simple_a, layout_basic, ebering_ecumenical_altar_webs,
          minmay_ruptured
D:2:      layout_basic, serial_shops, nicolae_shop_pleasant_corner_grove,
          uniq_robin, uniq_jessica
D:3:      layout_loops_corners, elyvilon_altar_3, mainiacjoe_overflow_boulevard
D:4:      layout_basic, serial_shops, nicolae_shop_statue_plus, moated_statue
D:5:      layout_gridville, serial_shops, nicolae_lakefront_shop,
          nicolae_shop_tiny_statue_garden, nicolae_shop_tiny_glass, shop,
          ebering_ghost_reflecting_pool
D:6:      layout_gridville, xom_teletrap_fun, uniq_edmund, uniq_grinder
D:7:      layout_cave_pools, grunt_temple_overflow_open,
          minmay_temple_entry_hall, minmay_ruined_shrine, uniq_joseph,
          uniq_jeremiah
D:8:      layout_cave_pods, mainiacjoe_overflow_alcove_4, enter_bailey_4,
          wad_floor_pattern_untrapped, kennysheep_generic_room_5, uniq_grum,
          uniq_psyche
D:9:      layout_gridville, minmay_st_funbox
D:10:     layout_roguey [special_room_bee]
D:11:     layout_grid_maze, minmay_lair_entry_grove, serial_park_tiny_pond
D:12:     layout_roguey, hiddenorc2_lemuel, special_room [special_room_orc]
D:13:     layout_cave_pools, erik_vaults_2, minmay_gold_behind_fungi
D:14:     evilmike_iron_armoury, layout_cave_pools, serial_shops,
          kennysheep_little_box, kennysheep_mini_moat, minmay_misc_feat_tower,
          grunt_decor_mini_mirrors
D:15:     grunt_enter_depths_snipers, layout_irregular_city, wad_dig_loot
Lair:1:   layout_gridlike, lemuel_fruit_tree, infiniplex_staircase_pool_2
Lair:2:   layout_loops_ring, mainiacjoe_swamp_entry_angry_trees,
          grunt_megastairs_3, lemuel_fruit_fields, uniq_fannar
Lair:3:   layout_cave_pods, spider_nest_entry_webs, bh_autumn_forest_stairs,
          chequers_serial_rivers_micro_e, uniq_rupert
Lair:4:   layout_roguey, minmay_slime_entry_oklob_open,
          grunt_forest_stairs_basic
Lair:5:   gammafunk_lair_ancient_temple, layout_regular_city
Swamp:1:  layout_basic_swamp, evilmike_swamp_ruin_house_4,
          nicolae_swamp_long_stream, infiniplex_staircase_pool, uniq_roxanne,
          uniq_kirke
Swamp:2:  layout_basic_swamp, hangedman_swamp_lotus
Swamp:3:  layout_basic_swamp, evilmike_swamp_ruin_house_1, swamp_pool_5
Swamp:4:  swamp_pestilence, layout_basic_swamp
Orc:1:    layout_caves, portal_ice_cave_entry_pillars_2,
          nicolae_orc_stony_grotto
Orc:2:    pf_orc_diabolical, layout_caves, serial_shops, shop, basic_altar,
          uniq_donald

Skill      XL: |  1  2  3  4  5  6  7  8  9 10 11 12 13 14 15 16 |
---------------+-------------------------------------------------+-----
Axes           | 4 5 6 8 9 11 14 15 18 | 18.0
Shields        | 1 5 9 13 15 16 17 18 19 | 19.7
Fighting       | 4 7 10 12 15 18 20 | 20.3
Armour         | 6 10 11 13 14 16 | 16.1
Dodging        | |  2.1

Action                     |  1- 3 |  4- 6 |  7- 9 | 10-12 | 13-15 | 16-18 || total
---------------------------+-------+-------+-------+-------+-------+-------++-------
  Melee: Hand axe          |    66 |   127 |   239 |   198 |       |       ||   630
         Headbutt          |    10 |    18 |    48 |    75 |   267 |    98 ||   516
         Broad axe         |       |       |       |   149 |  1102 |   385 ||  1636
         War axe           |       |       |       |       |    17 |    20 ||    37
  Throw: Stone             |       |     1 |       |       |     1 |       ||     2
         Javelin           |       |       |       |       |       |     2 ||     2
 Invoke: Berserk           |       |     1 |     3 |     2 |     3 |     3 ||    12
         Trog's Hand       |       |       |     3 |     1 |     2 |     5 ||    11
         Brothers in Arms  |       |       |       |     1 |     1 |       ||     2
  Evoke: Wand              |       |       |       |       |       |     8 ||     8
    Use: Scroll            |       |     9 |     7 |     4 |    10 |     2 ||    32
         Potion            |       |       |       |     2 |     2 |     1 ||     5
 Armour: Animal skin       |    12 |       |       |       |       |       ||    12
         Ring mail         |    27 |    80 |    33 |       |       |       ||   140
         Chain mail        |       |       |    99 |   106 |       |       ||   205
         Quicksilver drago |       |       |       |   160 |   437 |       ||   597
         Plate armour      |       |       |       |       |   237 |   316 ||   553
  Dodge: Dodged            |    41 |    53 |    80 |   156 |   287 |   103 ||   720
  Block: Buckler           |       |    25 |    44 |   159 |   103 |       ||   331
         Tower shield      |       |       |       |       |   844 |   544 ||  1388

Table legend: (Time is in decaauts)
 A = Elapsed time spent in this place.
 B = Non-inter-level travel time spent in this place.
 C = Inter-level travel time spent in this place.
 D = Time resting spent in this place.
 E = Time spent auto-exploring this place.
 F = Levels seen in this place.
 G = Mean time per level.
                   A        B        C        D        E       F      G
               +--------+--------+--------+--------+--------+-----+--------+
         Total |  23377 |  22010 |   1367 |    924 |  15978 |  28 |  834.9 |
       Dungeon |  13088 |  12351 |    737 |    403 |   9284 |  15 |  872.5 |
          Lair |   5084 |   4688 |    396 |     82 |   3598 |   5 | 1016.8 |
         Swamp |   2329 |   2241 |     88 |    207 |   1406 |   4 |  582.2 |
  Orcish Mines |   1608 |   1464 |    144 |    131 |    893 |   2 |  804.0 |
        Bailey |    736 |    736 |      0 |    100 |    507 |   1 |  736.0 |
      Ice Cave |    529 |    529 |      0 |      0 |    288 |   1 |  529.0 |
               +--------+--------+--------+--------+--------+-----+--------+

Top non-repeatable levels by time:
     D:2: 1123 daAuts
    D:10: 1103 daAuts
  Lair:2: 1089 daAuts
  Lair:3: 1067 daAuts
     D:5: 1036 daAuts
    D:11: 1022 daAuts
  Lair:4: 1007 daAuts
  Lair:5: 1004 daAuts
   Orc:2: 988 daAuts
    D:14: 981 daAuts
     D:3: 956 daAuts
     D:7: 925 daAuts
  Lair:1: 916 daAuts
     D:8: 825 daAuts
    D:12: 822 daAuts
